 Dungeon Crawl Stone Soup version 0.28.0-43-g3370ac3207 (webtiles) character file.

Game seed: 7391707196711166498

14493 CryoSword the Grappler (level 11, 0/111 HPs)
             Began as a Troll Monk on Mar 17, 2022.
             Was a High Priest of Kikubaaqudgha.
             Slain by a black mamba (16 damage)
             ... on level 1 of the Lair of Beasts.
             The game lasted 00:23:22 (10690 turns).

CryoSword the Grappler (Troll Monk)                Turns: 10690, Time: 00:23:23

Health: 0/111      AC:  6    Str: 21    XL:     11   Next: 89%
Magic:  19/19      EV: 11    Int: 10    God:    Kikubaaqudgha [*****.]
Gold:   543        SH:  5    Dex: 12    Spells: 0/10 levels left

rFire   + . .      SeeInvis .     - Unarmed
rCold   x . .      Faith    .   (no shield)
rNeg    . . .      Spirit   .   F - +2 robe {Will+}
rPois   .          Reflect  +   (helmet restricted)
rElec   .          Harm     .   (no cloak)
rCorr   .          Rampage  .   (gloves unavailable)
Will    +....                   (boots unavailable)
Stlth   ++........              b - amulet of reflection
HPRegen 1.08/turn               o - ring of fire
MPRegen 0.16/turn               J - ring of magical power

@: lethally poisoned (0 -> -1)
A: large, unfitting armour, claws 3, regeneration 1, shaggy fur 1, tough skin 1
a: Renounce Religion, Receive Corpses, Torment


You were on level 1 of the Lair of Beasts.
You worshipped Kikubaaqudgha.
Kikubaaqudgha was extremely pleased with you.
You visited 3 branches of the dungeon, and saw 14 of its levels.
You also visited: Ossuary.

You collected 1089 gold pieces.
You spent 546 gold pieces at shops.

Inventory:

Hand Weapons
 L - a +3 scimitar of flaming
   (You took it off Erica on level 9 of the Dungeon)
Missiles
 a - 2 silver boomerangs
 y - 15 poisoned darts (quivered)
 E - 4 boomerangs of dispersal {!f}
 I - 4 boomerangs
 M - 2 curare-tipped darts
Armour
 F - a +2 robe of willpower (worn)
   (You took it off Pikel on level 8 of the Dungeon)
Jewellery
 b - an amulet of reflection (around neck)
   (You found it on level 4 of the Dungeon)
 o - a ring of fire (left claw)
   (You found it on level 3 of the Dungeon)
 p - a ring of flight
   (You found it on level 3 of the Dungeon)
 J - a ring of magical power (right claw)
   (You found it on level 9 of the Dungeon)
Scrolls
 c - 2 scrolls of summoning {unknown}
 d - a scroll of immolation {unknown}
 e - 3 scrolls of teleportation {@r4}
 g - 7 scrolls of fog
 i - a scroll of enchant weapon {unknown}
 j - 2 scrolls of fear
 n - 2 scrolls of torment {unknown}
 r - a scroll of silence
 u - 3 scrolls of vulnerability {unknown}
 w - 3 scrolls of magic mapping {unknown}
 x - a scroll of noise {unknown}
 B - a scroll of amnesia {unknown}
 G - a scroll of brand weapon {unknown}
Potions
 k - 4 potions of flight {unknown}
 l - 2 potions of resistance
 m - 3 potions of berserk rage
 q - 4 potions of mutation {!q}
 s - 2 potions of attraction {unknown}
 t - 4 potions of degeneration {unknown}
 v - 3 potions of might {unknown}
 z - 3 potions of brilliance
 A - 8 potions of curing {@q1}
 C - 4 potions of magic {unknown}
 D - a potion of lignification {unknown}
 K - 3 potions of invisibility
Miscellaneous
 N - a phantom mirror (inert)
   (You found it on level 10 of the Dungeon)


   Skills:
 + Level 8.1 Fighting
 - Level 5.3 Dodging
 - Level 1.0 Stealth
 * Level 13.2 Unarmed Combat
 * Level 7.4 Necromancy
 + Level 3.0 Translocations


You couldn't memorise any spells.
You knew the following spells:

 Your Spells              Type           Power      Damage    Failure   Level
a - Vampiric Draining     Necr           14%        2d7       5%          3
b - Blink                 Tloc           12%        N/A       17%         2
c - Animate Dead          Necr           7%         N/A       19%         4
z - Animate Skeleton      Necr           28%        N/A       1%          1

Your spell library contained the following spells:

 Spells                   Type           Power      Damage    Failure   Level
 Corpse Rot               Necr/Air       14%        N/A       13%         2
 Dispel Undead            Necr           14%        3d10      19%         4
 Lesser Beckoning         Tloc           6%         N/A       32%         3
 Beastly Appendage        Tmut           0%         N/A       36%         1
 Agony                    Necr           14%        N/A       45%         5
 Wereblood                Tmut           0%         N/A       50%         2
 Anguish                  Hex/Necr       3%         N/A       63%         4
 Passage of Golubria      Tloc           6%         N/A       73%         4
 Spider Form              Tmut/Pois      0%         N/A       75%         3
 Tukima's Dance           Hex            0%         N/A       75%         3
 Death Channel            Necr           7%         N/A       95%         6
 Manifold Assault         Tloc           6%         N/A       97%         5
 Freezing Cloud           Conj/Ice/Air   0%         6-21      100%        5
 Yara's Violent Unravell  Hex/Tmut       0%         3d3       100%        5
 Simulacrum               Ice/Necr       3%         N/A       100%        6
 Polar Vortex             Ice            0%         N/A       100%        9


Dungeon Overview and Level Annotations

Branches:
Dungeon (12/15)            Temple (1/1) D:4            Lair (1/6) D:11
Ossuary (visited)
    Orc: D:9-12

Altars:
Fedhas
Gozag
Kikubaaqudgha
Vehumet
The Shining One
Beogh

Shops:
D:7 (

Annotations:
Lair:1 Sonja


Innate Abilities, Weirdness & Mutations

You are too large for most types of armour.
You have claws for hands.
Your natural rate of healing is unusually fast.
You are covered in fur. (AC +1)
You have tough skin. (AC +1)


Message History

Found a dagger.
There is a staircase back to the Dungeon here.
A black bear is nearby!
Okay, then.
You climb upwards.
Welcome back to the Dungeon!
There is a staircase to the Lair here.
This spell is dangerous to cast!
Memorise Animate Dead, consuming 4 spell levels and leaving 0?
You start memorising the spell.
You continue memorising. x4
You finish memorising.
Spell assigned to 'c'.
Okay, then.
As you read the scroll labelled SARGHU ZUMOI, it crumbles to dust.
You feel strangely unstable.
It was a scroll of teleportation.
Your surroundings suddenly seem different.
Things that are here:
a +0 giant spiked club; a +0 giant spiked club
There is a stone staircase leading up here.
There is a stone staircase leading down, spattered with blood here.
You climb downwards.
There is a stone staircase leading up, spattered with blood here.
(D) Dungeon (T) Temple (L) Lair
Where to? (Enter - D:11 @ (x,y), ? - help)
What level of the Lair of Beasts? (default 1, ? - help)
There is a stone staircase leading up, spattered with blood here.
You climb upwards.
There is a stone staircase leading down, spattered with blood here.
There is a staircase to the Lair here.
You climb downwards.
Welcome back to the Lair of Beasts!
There is a staircase back to the Dungeon here.
A black bear is nearby!
The black bear growls angrily.
You completely miss the black bear.
The black bear completely misses you. x2
The black bear claws you but does no damage.
You closely miss the black bear. You block the black bear's attack. x3
You claw the black bear! You closely miss the black bear.
You claw the black bear.
The black bear bites you but does no damage.
The black bear claws you but does no damage.
The black bear misses you.
You barely miss the black bear. The black bear closely misses you. x3
You closely miss the black bear. You mangle the black bear!!
You kill the black bear!
Kikubaaqudgha accepts your kill.
No target in view!
Found a leather armour.
Found a robe.
You now have 543 gold pieces (gained 22).
Found a long sword.
A wolf comes into view.
Found a robe.
The wolf howls!
You hear a howl!
A wolf is nearby!
A wolf is nearby!
A wolf comes into view.
Found a scroll labelled GUT QAICSUHO.
The wolf bites you.
You claw the wolf! You block the wolf's attack.
A wolf comes into view.
The wolf howls!
You mangle the wolf!!
You kill the wolf!
Kikubaaqudgha accepts your kill. The wolf barely misses you.
You scratch the wolf. The wolf bites you.
You claw the wolf! The wolf bites you.
You closely miss the wolf. The wolf bites you!
You miss the wolf. The wolf barely misses you.
You mangle the wolf!! You closely miss the wolf. You block the wolf's attack.
The wolf barely misses you.
You mangle the wolf!!
You kill the wolf!
Kikubaaqudgha accepts your kill. The wolf barely misses you.
The wolf closely misses you.
You barely miss the wolf. Your claw misses the wolf.
The wolf barely misses you.
You claw the wolf!
You kill the wolf!
Kikubaaqudgha accepts your kill.
Your Translocations skill increases to level 3!
No target in view!
You attempt to give life to the dead...
Before your eyes, flesh is ripped from the corpse!
The dead are walking!
Things that are here:
a +0 robe; a wolf corpse
Found a robe.
Found a stone staircase leading down.
An eight-headed hydra comes into view.
An eight-headed hydra is nearby!
An eight-headed hydra is nearby!
No reachable target in view!
No reachable target in view!
The eight-headed hydra roars!
A black mamba comes into view.
Sonja, the Graceful Assassin comes into view.
She is wielding a +2 dagger of venom and quivering curare-tipped darts.
Sonja shouts!
Sonja casts a spell.
Sonja blinks!
The black mamba barely misses you.
Sonja twirls her cape.
A polar bear comes into view.
Your wolf skeleton bites the black mamba.
The black mamba bites you!
Sonja mumbles some strange words.
Sonja blinks!
The black mamba barely misses you.
The eight-headed hydra bites your wolf skeleton.
The eight-headed hydra bites your wolf skeleton!
Your wolf skeleton is destroyed!
The black mamba misses you. The black mamba bites you!
You are poisoned.
The black mamba poisons you!
You feel very sick. The black mamba barely misses you.
You feel very sick. The black mamba closely misses you.
You feel very sick. The black mamba closely misses you.
You feel very sick. The black mamba misses you.
You feel sick.
You feel sick. The black mamba bites you!
You feel sick. The black mamba misses you.
You feel sick. You block the black mamba's attack.
You feel sick. The black mamba bites you!
* * * LOW HITPOINT WARNING * * *
You feel sick.
You feel sick. The black mamba bites you!
* * * LOW HITPOINT WARNING * * *
You feel sick.
You are no longer poisoned.
You block the black mamba's attack.
The black mamba bites you but does no damage.
The black mamba misses you. The black mamba bites you!
* * * LOW HITPOINT WARNING * * *
You are poisoned.
The black mamba poisons you!
You feel very sick.
You feel very sick. The black mamba barely misses you.
You feel very sick. The black mamba barely misses you.
You feel sick. The black mamba closely misses you.
You feel very sick. The black mamba bites you!
You die...
Kikubaaqudgha rasps: "You have failed me!
Welcome... death!"

...#....#.......#....
P####......+..K....#....
...................#....
...........#.#.#.###....
.............h..........
..........D.............
).......................
...........###+###+.....
#####.@S..# .....
#.....# ..... .........#
.... ..........# ....
.....#.....# .
...........#
...........#
#.#+#^......


You could see an eight-headed hydra, a polar bear, a black mamba and Sonja.

Vanquished Creatures
  A boulder beetle (D:11)
  Erica (D:9)
  2 two-headed ogres
  A deep elf pyromancer (D:12)
  Pikel (D:8)
  A cyclops (D:10)
  An ugly thing (D:10)
  An unseen horror (D:11)
  A gargoyle (D:12)
  A komodo dragon (D:11)
  2 trolls (D:11)
  A slime creature (D:12)
  2 wraiths
  A wyvern (D:9)
  A shadow (D:9)
  2 yaks (D:8)
  4 fire bats (D:10)
  A human (D:8)
  2 vampires
  4 hogs (D:8)
  4 vampire mosquitoes
  Menkaure (Ossuary)
  5 water moccasins
  A hell hound (D:10)
  2 orc warriors
  3 sky beasts
  An ice beast (D:6)
  7 ogres
  3 black bears
  A necrophage (D:7)
  3 wolves (Lair:1)
  12 centaurs
  A phantom (D:5)
  A kobold brigand (D:10)
  2 gnoll sergeants (D:11)
  2 bullfrogs
  2 scorpions
  A wyvern skeleton (D:6)
  4 killer bees
  3 howler monkeys
  A bullfrog zombie (D:6)
  2 lava snakes (D:10)
  2 jellies
  4 centaur zombies
  A gnoll shaman (D:6)
  3 orc priests
  3 hounds
  A centaur skeleton (D:6)
  An iguana (D:6)
  Natasha (D:3)
  10 orc wizards
  3 mummies (Ossuary)
  A howler monkey zombie (D:10)
  6 adders
  9 gnolls
  2 white imps (D:6)
  2 dart slugs (D:2)
  33 orcs
  A ball python (D:2)
  4 bats
  6 endoplasms
  5 gnoll zombies (Ossuary)
  9 goblins
  7 hobgoblins
  2 jackals (D:4)
  4 quokkas
  2 frilled lizards
  3 gnoll skeletons (Ossuary)
  3 goblin skeletons (Ossuary)
  2 goblin zombies (Ossuary)
  7 hobgoblin skeletons (Ossuary)
  3 hobgoblin zombies (Ossuary)
  9 kobolds
  2 kobold skeletons (Ossuary)
  3 kobold zombies (Ossuary)
  4 orc skeletons (Ossuary)
  5 orc zombies (Ossuary)
  6 rats
  6 rat skeletons (Ossuary)
  7 rat zombies (Ossuary)
  A fire vortex (D:10)
276 creatures vanquished.

Vanquished Creatures (collateral kills)
  A troll (D:11)
  A yak (D:8)
  A gnoll (D:11)
  2 orcs (D:8)
5 creatures vanquished.

Vanquished Creatures (others)
  2 fire vortices (D:10)
  15 plants (D:3)
17 creatures vanquished.

Grand Total: 298 creatures vanquished

Notes
Turn   | Place    | Note
-------+----------+-------------------------------------------
     0 | D:1      | CryoSword the Troll Monk began the quest for the Orb.
     0 | D:1      | Reached XP level 1. HP: 22/22 MP: 0/0
   616 | D:1      | Reached XP level 2. HP: 29/29 MP: 1/1
   924 | D:2      | Reached XP level 3. HP: 35/36 MP: 2/2
  1363 | D:2      | Reached skill level 4 in Unarmed Combat
  1395 | D:3      | Noticed Natasha
  1454 | D:3      | Reached XP level 4. HP: 17/45 MP: 3/3
  1576 | D:3      | Killed Natasha
  1577 | D:3      | Reached XP level 5. HP: 48/53 MP: 4/4
  1828 | D:3      | You fall into a shaft and drop 1 floor!
  1917 | D:4      | Noticed an ogre
  1929 | D:4      | Killed an ogre
  1930 | D:4      | Reached skill level 5 in Unarmed Combat
  1930 | D:4      | Reached XP level 6. HP: 30/61 MP: 5/5
  1981 | D:4      | Found a staircase to the Ecumenical Temple.
  2017 | Temple   | Entered the Ecumenical Temple
  2030 | Temple   | Became a worshipper of Kikubaaqudgha
  2030 | Temple   | Reached * piety under Kikubaaqudgha
  2030 | Temple   | Received a gift from Kikubaaqudgha
  2030 | Temple   | Reached ** piety under Kikubaaqudgha
  2090 | D:4      | Found a sand-covered staircase.
  2095 | Ossuary  | Entered an ossuary
  2296 | Ossuary  | Reached *** piety under Kikubaaqudgha
  2296 | Ossuary  | Received a gift from Kikubaaqudgha
  2385 | Ossuary  | Noticed Menkaure
  2393 | Ossuary  | Killed Menkaure
  2551 | D:4      | Learned a level 1 spell: Animate Skeleton
  2554 | D:4      | Learned a level 2 spell: Blink
  2615 | D:4      | Reached skill level 6 in Unarmed Combat
  2615 | D:4      | Reached skill level 1 in Necromancy
  2615 | D:4      | Reached XP level 7. HP: 68/68 MP: 6/6
  3030 | D:5      | Entered Level 5 of the Dungeon
  3402 | D:5      | Reached **** piety under Kikubaaqudgha
  3403 | D:5      | Reached XP level 8. HP: 74/79 MP: 7/7
  3453 | D:5      | Reached skill level 7 in Unarmed Combat
  4435 | D:6      | Reached skill level 8 in Unarmed Combat
  4437 | D:6      | Reached skill level 5 in Fighting
  4437 | D:6      | Reached skill level 5 in Dodging
  4537 | D:6      | Reached XP level 9. HP: 65/88 MP: 8/8
  5203 | D:7      | Found Elohup's Weapon Boutique.
  5457 | D:7      | Reached skill level 9 in Unarmed Combat
  6037 | D:8      | Noticed Pikel
  6055 | D:8      | Killed Pikel
  6056 | D:8      | Reached skill level 10 in Unarmed Combat
  6135 | D:8      | Reached XP level 10. HP: 59/98 MP: 7/9
  6148 | D:8      | Reached skill level 5 in Necromancy
  6873 | D:8      | HP: 5/100 [vampire mosquito (10)]
  6874 | D:8      | HP: 1/100 [vampire mosquito (5)]
  6879 | D:8      | Reached skill level 11 in Unarmed Combat
  7004 | D:9      | Reached ***** piety under Kikubaaqudgha
  7058 | D:9      | Noticed a two-headed ogre
  7068 | D:9      | Killed a two-headed ogre
  7452 | D:9      | Noticed Erica
  7486 | D:9      | Killed Erica
  8030 | D:9      | Learned a level 3 spell: Vampiric Draining
  8033 | D:10     | Entered Level 10 of the Dungeon
  8083 | D:10     | Noticed a cyclops
  8159 | D:10     | Killed a cyclops
  8160 | D:10     | Reached skill level 12 in Unarmed Combat
  8160 | D:10     | Reached XP level 11. HP: 43/109 MP: 10/10
  8325 | D:10     | Reached skill level 1 in Translocations
  8726 | D:10     | Noticed a cyan ugly thing
  8742 | D:10     | Killed a cyan ugly thing
  8826 | D:10     | Found Kourudoc's Distillery.
  8834 | D:10     | Bought a potion of curing for 42 gold pieces
  8834 | D:10     | Bought a potion of invisibility for 112 gold pieces
  8834 | D:10     | Bought a potion of heal wounds for 70 gold pieces
  8834 | D:10     | Bought a potion of berserk rage for 70 gold pieces
  8834 | D:10     | Bought a potion of heal wounds for 70 gold pieces
  8834 | D:10     | Bought a potion of invisibility for 112 gold pieces
  8834 | D:10     | Bought a potion of heal wounds for 70 gold pieces
  9034 | D:10     | Found a radiant altar of Vehumet.
  9323 | D:11     | Noticed a two-headed ogre
  9334 | D:11     | Killed a two-headed ogre
  9454 | D:11     | Noticed a boulder beetle
  9471 | D:11     | Killed a boulder beetle
  9526 | D:11     | Found a staircase to the Lair.
  9666 | D:11     | Noticed a boulder beetle
 10328 | D:11     | Reached skill level 13 in Unarmed Combat
 10467 | D:12     | Noticed a deep elf pyromancer
 10506 | D:12     | Killed a deep elf pyromancer
 10542 | Lair:1   | Entered Level 1 of the Lair of Beasts
 10550 | D:11     | Learned a level 4 spell: Animate Dead
 10655 | Lair:1   | Noticed an eight-headed hydra
 10662 | Lair:1   | Noticed Sonja
 10690 | Lair:1   | Slain by a black mamba

Illustrated notes

Levels and vault maps discovered:
D:1:      saegor_arrival_simple_e, layout_loops_corners
D:2:      layout_basic, kennysheep_generic_room_5
D:3:      layout_rooms, basic_ecumenical_altar, nrook_uturn, skrybe_limestone_x,
          corexii_item_surrounded_by_moat, st_stairs_14, nicolae_grassy_gnolls,
          uniq_natasha, uniq_ijyb
D:4:      layout_loops_ring, minmay_temple_entry_glass, enter_ossuary_5,
          kennysheep_generic_room_4
D:5:      layout_loops_ring, hangedman_decor_lopped, minmay_misc_feat_pillars,
          serial_park_tiny_2, grunt_decor_fettered
D:6:      minmay_polygon_palace, layout_loops_ring
D:7:      layout_gridville, minmay_misc_feat_hallway,
          nicolae_inconvenience_store, kennysheep_decorative_pillar,
          minivault_14
D:8:      layout_gridville, special_room [special_room_orc],
          corexii_leaking_fountain, grunt_livestock, uniq_pikel
D:9:      layout_cave_pods, uniq_erica
D:10:     layout_basic, kennysheep_little_box, serial_shops, shop_fountains,
          hangedman_incinerator
D:11:     layout_long_grid, lair_entry_dummy
D:12:     minmay_s_stair_smasher, layout_irregular_city, orc_0_dummy,
          minmay_beelzebubs_servants
Temple:   minmay_crystal_snake_temple
Lair:1:   layout_regular_city, infiniplex_staircase_pool, lemuel_fruit_fields,
          grunt_megastairs_3, uniq_sonja

Skill      XL: |  1  2  3  4  5  6  7  8  9 10 11 |
---------------+----------------------------------+-----
Unarmed Combat | 4 5 6 8 10 12 13 | 13.2
Fighting       | 3 4 5 6 7 8 |  8.1
Dodging        | 3 4 5 |  5.3
Necromancy     | 1 2 3 4 6 7 |  7.4
Translocations | 3 |  3.0
Stealth        | |  1.0

Action                   |  1- 3 |  4- 6 |  7- 9 | 10-12 || total
-------------------------+-------+-------+-------+-------++-------
Melee: Unarmed           |    97 |   174 |   261 |   332 ||   864
       Punch             |     1 |     8 |    11 |    27 ||    47
Throw: Dart              |       |       |     2 |       ||     2
 Cast: Animate Skeleton  |       |     1 |    10 |    26 ||    37
       Vampiric Draining |       |       |       |     4 ||     4
Invok: Receive Corpses   |       |       |       |     3 ||     3
Evoke: Phantom mirror    |       |       |       |     1 ||     1
  Use: Scroll            |       |     4 |     3 |     3 ||    10
       Potion            |       |       |       |    10 ||    10
 Stab: Sleeping          |     3 |     1 |     2 |       ||     6
       Distracted        |       |     1 |       |       ||     1
Armor: Robe              |    33 |    27 |    71 |   112 ||   243
Dodge: Dodged            |    41 |    57 |   120 |   219 ||   437
Block: Other             |       |    16 |    50 |   100 ||   166
       Reflection        |       |       |     4 |     4 ||     8
